 Dungeon Crawl Stone Soup version 0.32-a0-685-g93135e86f0 (webtiles) character file.

Game seed: 11483930226218017186

11 Malificent the Charlatan (level 2, 15/23 HPs)
             Began as a Mountain Dwarf Artificer on Mar 13, 2024.
             Quit the game on level 1 of the Dungeon.
             The game lasted 00:01:17 (440 turns).

Malificent the Charlatan (Mountain Dwarf Artificer)  Turns: 440, Time: 00:01:18

Health: 15/23      AC:  3    Str: 14    XL:     2   Next: 13%
Magic:  2/2        EV: 11    Int: 11    God:
Gold:   29         SH:  0    Dex: 10    Spells: 1/1 levels left

rFire   . . .        a - +0 club
rCold   . . .        (no shield)
rNeg    . . .        b - +0 leather armour
rPois   .            (no helmet)
rElec   .            (no cloak)
rCorr   .            (no gloves)
SInv    .            (no boots)
Will    +....        (no amulet)
Stlth   +            j - ring of willpower
HPRegen 0.23/turn    (no ring)
MPRegen 0.08/turn

%: no passive effects
@: no status effects
A: runic magic, artefact enchanting
a: no special abilities


You were on level 1 of the Dungeon.
You visited 1 branch of the dungeon, and saw 1 of its levels.

You collected 29 gold pieces.

Inventory:

Hand Weapons
 a - a +0 club (weapon)
Armour
 b - a +0 leather armour (worn)
 h - an orb of energy
Jewellery
 j - a ring of willpower (left hand)
Wands
 c - a wand of flame (15) (quivered)
 d - a wand of charming (14)
 e - a wand of iceblast (5)
Scrolls
 f - a scroll of revelation {unknown}
 g - a scroll of amnesia {unknown}
 i - a scroll of identify {unknown}
Potions
 k - a potion of degeneration {unknown}


   Skills:
 + Level 1.3 Fighting
 + Level 2.2 Armour
 + Level 0.6 Dodging
 + Level 0.7 Stealth
 * Level 3.9 Evocations


You had one spell level left.
You didn't know any spells.
Your spell library was empty.

Dungeon Overview and Level Annotations

Branches:
Dungeon (1/15)

Altars:


Innate Abilities, Weirdness & Mutations

Your spellcasting is much less encumbered by armour.
You can use scrolls of enchantment on lesser artefacts.


Message History

The ball python bites you but does no damage.
The ball python grabs you. The ball python constricts you.
You barely miss the ball python.
The ball python is severely wounded.
The ball python bites you but does no damage.
The ball python constricts you. The goblin hits you with a +0 club.
The ball python bites you. The ball python constricts you.
The goblin hits you with a +0 club.
You hit the ball python.
You kill the ball python!
The goblin hits you with a +0 club. The goblin closely misses you.
You see here a ball python corpse.
You closely miss the goblin. The goblin closely misses you.
You closely miss the goblin. The goblin hits you but does no damage.
The goblin hits you with a +0 club.
You barely miss the goblin. The goblin barely misses you.
You closely miss the goblin. The goblin closely misses you.
You hit the goblin.
You kill the goblin!
Things that are here:
a +0 club; a goblin corpse A bat comes into view.
The bat moves out of view.
A bat is nearby!
The bat hits you.
You miss the bat. The bat hits you but does no damage.
The bat closely misses you.
You miss the bat. The bat barely misses you. The bat barely misses you.
The bat hits you but does no damage.
You barely miss the bat. The bat misses you.
The bat hits you but does no damage.
You miss the bat. The bat barely misses you.
The bat hits you but does no damage. The bat hits you. The bat hits you.
You barely miss the bat. The bat hits you. The bat hits you but does no damage.
You miss the bat. The bat hits you but does no damage. The bat hits you.
Are you sure you want to abandon this character and quit the game? (Confirm with "yes".)

# ############## .#
.............#######.#
.............#.......###
........†...............
.†.......)...#.......#
###.........##..@....#
....#######.##.......#
###.# #.##.b.....# ..#.#
#.##.......# .##.#
#..........# .##.#
############ .##.##
##...# ##...#


You could see a bat.

Vanquished Creatures
  A ball python (D:1)
  A goblin (D:1)
  3 hobgoblins (D:1)
  A quokka (D:1)
  3 kobolds (D:1)
9 creatures vanquished.

Vanquished Creatures (collateral kills)
  A ball python (D:1)
1 creature vanquished.

Vanquished Creatures (others)
  A quokka (D:1)
1 creature vanquished.

Grand Total: 11 creatures vanquished

Notes
Turn   | Place    | Note
-------+----------+-------------------------------------------
     0 | D:1      | Malificent the Mountain Dwarf Artificer began the quest for
                  | the Orb.
     0 | D:1      | Reached XP level 1. HP: 16/16 MP: 1/1
   379 | D:1      | Reached XP level 2. HP: 23/23 MP: 2/2
   440 | D:1      | Quit the game

Illustrated notes

Levels and vault maps discovered:
D:1:      dpeg_arrival_rhombus, layout_basic, minmay_shallow_snake_nest

Action                     || total
---------------------------++-------
  Melee: Club              ||    54
  Evoke: Wand              ||     1
 Armour: Leather armour    ||    43
  Dodge: Dodged            ||    41

Table legend: (Time is in decaauts)
 A = Elapsed time spent in this place.
 B = Non-inter-level travel time spent in this place.
 C = Inter-level travel time spent in this place.
 D = Time resting spent in this place.
 E = Time spent auto-exploring this place.
 F = Levels seen in this place.
 G = Mean time per level.
                   A        B        C        D        E       F      G
               +--------+--------+--------+--------+--------+-----+--------+
         Total |    455 |    455 |      0 |    127 |    167 |   1 |  455.0 |
       Dungeon |    455 |    455 |      0 |    127 |    167 |   1 |  455.0 |
               +--------+--------+--------+--------+--------+-----+--------+

Top non-repeatable levels by time:
     D:1: 455 daAuts
